 Dungeon Crawl Stone Soup version 0.31.0-11-ge490571c62 (webtiles) character file.

Game seed: 3174823708663843843

900030 hikkokomori the Archmage (level 27, 0/177 HPs)
             Began as a Deep Elf Fire Elementalist on Feb 4, 2024.
             Was the Champion of Vehumet.
             Killed from afar by a starcursed mass (12 damage)
             ... with an accursed screaming
             ... on level 4 of the Abyss.
             The game lasted 07:11:49 (95307 turns).

hikkokomori the Archmage (DEFE)                    Turns: 95307, Time: 07:11:50

Health: 0/177      AC: 12    Str:  6 (7)  XL:     27
Magic:  16/65      EV: 20    Int: 49      God:    Vehumet [******]
Gold:   5621       SH: 19    Dex: 16 (17) Spells: 1/80 levels left

rFire   + + +        K - staff "Aseagh" {^Fragile rElec rC+++ Str-2 Fire Air}
rCold   + + +        t - +0 kite shield {rF+}
rNeg    + + +        M - +1 leather armour "Ogiefrex" {Will+ Int+5 Dex+3 Stlth-}
rPois   ∞            Z - +2 hat of Quorykk {Regen+ rCorr}
rElec   +            P - scarf {repulsion}
rCorr   +            j - +2 pair of gloves {Str+3}
SInv    +            c - +1 pair of boots of Rougyeq {SInv}
Will    ++++.        R - amulet "Xuyhiah" {Reflect ^Contam Regen+ Int+8 Dex-4 SH+5}
Stlth   +++++        N - ring "Xefirix" {Fly rF++ rCorr MP+9 Int+3}
HPRegen 2.09/turn    g - ring of the Mage {Wiz Archmagi}
MPRegen 0.39/turn

%: repel missiles, reflection, wizardry (x1), archmagi
@: death-form, flying, very slightly contaminated, studying 4 skills
A: vile attack, torment immunity, no potions, hooves 1, horns 1, clever 1,
persistent drain
}: 9/15 runes: serpentine, barnacled, slimy, silver, demonic, glowing, magical,
fiery, dark
a: Siphon Essence, Begin Untransformation, Renounce Religion


You were on level 4 of the Abyss.
You worshipped Vehumet.
Vehumet was exalted by your worship.
You were an undying horror.
You visited 12 branches of the dungeon, and saw 56 of its levels.
You visited Pandemonium 2 times, and saw 9 of its levels.
You visited the Abyss 2 times.
You also visited: Gauntlet, Ice Cave and Desolation.

You collected 11579 gold pieces.
You spent 5958 gold pieces at shops.

Inventory:

Hand Weapons
 Y - the +10 eveningstar of Deformation {flame, *Corrode rF+++ rC++ Str-4}
   (You took it off an efreet in Pandemonium)

   Str-4:     It affects your strength (-4).
   rF+++:     It renders you almost immune to fire.
   rC++:      It greatly protects you from cold.
   *Corrode:  It may corrode you when you take damage.
Missiles
 G - 2 throwing nets
Armour
 c - the +1 pair of boots of Rougyeq (worn) {SInv}
   (You found it on level 2 of the Depths)

   SInv:      It lets you see invisible.
 j - a +2 pair of gloves of strength (worn)
 m - a +2 tower shield of reflection
 t - a +0 kite shield of fire resistance (worn)
 M - the +1 leather armour "Ogiefrex" (worn) {Will+ Int+5 Dex+3 Stlth-}
   (You found it on level 4 of the Vaults)

   Int+5:     It affects your intelligence (+5).
   Dex+3:     It affects your dexterity (+3).
   Will+:     It increases your willpower.
   Stlth-:    It makes you less stealthy.
 P - a scarf of repulsion (worn)
 Z - the +2 hat of Quorykk (worn) {Regen+ rCorr}
   (You found it in an ice cave)

   Regen+:    It increases your rate of health regeneration.
   rCorr:     It protects you from acid and corrosion.
Magical Staves
 K - the staff "Aseagh" (weapon) {^Fragile rElec rC+++ Str-2 Fire Air}
   (You found it on level 3 of the Elven Halls)

   [staff of air]

   Base accuracy: +5 Base damage: 5 Base attack delay: 1.2 This weapon's minimum
   attack delay (0.6) is reached at skill level 12.
   Str-2:     It affects your strength (-2).
   rC+++:     It renders you almost immune to cold.
   rElec:     It insulates you from electricity.
   ^Fragile:  It will be destroyed if unequipped.
   Fire:      It increases the power of your Fire spells.
   Air:       It increases the power of your Air spells.
   It falls into the 'Staves' category.
   It is a one-handed weapon.
 T - the staff of Veimudgh {^Contam rPois rF+ rN+ SInv Fire}
   (You found it in Pandemonium)

   [staff of fire]

   Base accuracy: +5 Base damage: 5 Base attack delay: 1.2 This weapon's minimum
   attack delay (0.6) is reached at skill level 12.
   rF+:       It protects you from fire.
   rPois:     It protects you from poison rN+: It protects you from negative
   energy.
   SInv:      It lets you see invisible.
   ^Contam:   It causes magical contamination when unequipped.
   Fire:      It increases the power of your Fire spells.
   It falls into the 'Staves' category.
   It is a one-handed weapon.
Jewellery
 g - the ring of the Mage (right hand) {Wiz Archmagi}
   (You acquired it in a Gauntlet)

   [ring of wizardry]

   Wiz:       It improves your spell success rate.
   Archmagi:  It increases the power of your magical spells.
 v - the macabre finger necklace {Finger+ rN+}
   (You bought it in a shop on level 1 of the Dungeon)

   [amulet of nothing]

   Finger+:   It enables you to equip an extra ring.
   rN+:       It protects you from negative energy.
 y - the ring "Ifomib" {rC+ rN+ rCorr SInv Stlth+}
   (You found it in the Desolation of Salt)

   [ring of see invisible]

   rC+:       It protects you from cold.
   rN+:       It protects you from negative energy.
   SInv:      It lets you see invisible.
   rCorr:     It protects you from acid and corrosion.
   Stlth+:    It makes you more stealthy.
 D - the amulet of Ropo Datiet {Acrobat rF+ Int+4 Dex-2 SInv}
   (You found it on level 1 of the Realm of Zot)

   [amulet of the acrobat]

   Acrobat:   It increases your evasion while moving and waiting.
   Int+4:     It affects your intelligence (+4).
   Dex-2:     It affects your dexterity (-2).
   rF+:       It protects you from fire.
   SInv:      It lets you see invisible.
 E - the ring of the Haunted God {Fly Int+4 Dex+3 Stlth+}
   (You found it on level 13 of the Dungeon)

   [ring of flight]

   Int+4:     It affects your intelligence (+4).
   Dex+3:     It affects your dexterity (+3).
   Fly:       It grants you flight.
   Stlth+:    It makes you more stealthy.
 F - the ring of Uxaeth {rPois rF+ Int+6 Dex+2}
   (You found it in the Desolation of Salt)

   [ring of intelligence]

   Int+6:     It affects your intelligence (+6).
   Dex+2:     It affects your dexterity (+2).
   rF+:       It protects you from fire.
   rPois:     It protects you from poison
 N - the ring "Xefirix" (left hand) {Fly rF++ rCorr MP+9 Int+3}
   (You bought it in a shop on level 4 of the Depths)

   [ring of magical power]

   Int+3:     It affects your intelligence (+3).
   rF++:      It greatly protects you from fire.
   MP+9:      It affects your magic capacity (+9).
   Fly:       It grants you flight.
   rCorr:     It protects you from acid and corrosion.
 R - the amulet "Xuyhiah" (around neck) {Reflect ^Contam Regen+ Int+8 Dex-4 SH+5}
   (You found it on level 3 of the Elven Halls)

   [amulet of reflection]

   Reflect:   It reflects blocked missile attacks.
   Int+8:     It affects your intelligence (+8).
   Dex-4:     It affects your dexterity (-4).
   ^Contam:   It causes magical contamination when unequipped.
   Regen+:    It increases your rate of health regeneration.
   SH+5:      It affects your SH (+5).
Talismans
 o - a talisman of death (active)
Wands
 n - a wand of mindburst (47)
 x - a wand of charming (78)
 H - a wand of digging (12)
 Q - a wand of roots (73)
 V - a wand of light (33)
Scrolls
 a - a scroll of fog
 i - 6 scrolls of blinking
 l - 21 scrolls of teleportation
 r - 3 scrolls of revelation
 u - 4 scrolls of butterflies
 I - 7 scrolls of enchant armour
 J - 2 scrolls of enchant weapon
 S - 9 scrolls of fear
 W - 9 scrolls of immolation
Potions
 b - 3 potions of magic
 d - 13 potions of heal wounds
 f - 17 potions of curing
 h - 5 potions of mutation
 k - 2 potions of attraction
 q - 3 potions of ambrosia
 s - 7 potions of invisibility
 w - 3 potions of cancellation
 z - 4 potions of brilliance
 A - 9 potions of resistance
 B - 9 potions of enlightenment
 L - 6 potions of haste
 O - 5 potions of lignification
 X - 13 potions of might
Miscellaneous
 e - a sack of spiders
 p - a phial of floods
 C - a lightning rod (4/4)
 U - a tin of tremorstones (2/2)


   Skills:
 + Level 19.6 Fighting
 - Level 6.0 Staves
 - Level 6.0 Throwing
 - Level 8.0 Armour
 + Level 18.6 Dodging
 - Level 16.0 Stealth
 - Level 15.0 Shields
 O Level 27 Spellcasting
 - Level 19.0 Conjurations
 - Level 11.3 Hexes
 - Level 13.0 Summonings
 - Level 8.0 Necromancy
 - Level 4.5 Translocations
 - Level 18.0 Fire Magic
 - Level 6.0 Ice Magic
 - Level 12.0 Air Magic
 - Level 10.0 Earth Magic
 - Level 8.0 Alchemy
 - Level 16.0 Evocations
 - Level 23.0 Shapeshifting


You had one spell level left.
You knew the following spells:

 Your Spells              Type           Power      Damage    Failure   Level
a - Fire Storm            Conj/Fire      90%        8d23      4%          9
b - Apportation           Tloc           100%       N/A       1%          1
c - Lehudib's Crystal Sp  Conj/Erth      71%        10d16     1%          8
d - Maxwell's Capacitive  Air            80%        ∞         3%          8
e - Blink                 Tloc           100%       N/A       1%          2
f - Plasma Beam           Fire/Air       98%        2x1d118   1%          6
g - Enfeeble              Hex            66%        N/A       2%          7
h - Freezing Cloud        Conj/Ice/Air   80%        6-21      1%          5
i - Sublimation of Blood  Necr           100%       N/A       1%          2
j - Spellforged Servitor  Conj/Summ      73%        N/A       1%          7
k - Lee's Rapid Deconstr  Erth           64%        3d29*     1%          5
l - Irradiate             Conj/Alch      69%        3d34      1%          5
m - Swiftness             Air            100%       N/A       0%          3
n - Borgnjor's Revivific  Necr           60%        N/A       52%         8
o - Passwall              Erth           100%       N/A       1%          3

Your spell library contained the following spells:

 Spells                   Type           Power      Damage    Failure   Level
 Foxfire                  Conj/Fire      100%       2x1d9     0%          1
 Kiss of Death            Conj/Necr      100%       2d13      0%          1
 Magic Dart               Conj           100%       1d8       0%          1
 Sandblast                Erth           100%       2d20      0%          1
 Shock                    Conj/Air       100%       1d9       0%          1
 Slow                     Hex            100%       N/A       0%          1
 Sting                    Conj/Alch      100%       1d9       0%          1
 Summon Small Mammal      Summ           100%       N/A       0%          1
 Freeze                   Ice            100%       1d10      1%          1
 Necrotise                Necr           100%       1d9       1%          1
 Call Imp                 Summ           100%       N/A       0%          2
 Cigotuvi's Dreadful Rot  Necr/Alch/Air  100%       N/A       0%          2
 Jinxbite                 Hex            100%       N/A       0%          2
 Mercury Vapours          Alch/Air       100%       N/A       0%          2
 Scorch                   Fire           100%       2d9       0%          2
 Static Discharge         Conj/Air       100%       3-8/arc   0%          2
 Call Canine Familiar     Summ           100%       N/A       0%          3
 Confusing Touch          Hex            100%       N/A       0%          3
 Dazzling Flash           Conj/Hex       100%       N/A       0%          3
 Hailstorm                Conj/Ice       100%       3d16      0%          3
 Inner Flame              Hex/Fire       100%       N/A       0%          3
 Mephitic Cloud           Conj/Alch/Air  100%       N/A       0%          3
 Sigil of Binding         Hex            100%       N/A       0%          3
 Stone Arrow              Conj/Erth      100%       3d13      0%          3
 Volatile Blastmotes      Fire/Tloc      100%       2d18      0%          3
 Brom's Barrelling Bould  Conj/Erth      100%       2d11      0%          4
 Flame Wave               Conj/Fire      100%       2d21      0%          4
 Fulminant Prism          Conj/Alch      69%        3d28      0%          4
 Ignite Poison            Fire/Alch      100%       N/A       0%          4
 Sticky Flame             Fire/Alch      100%       2d15      0%          4
 Summon Blazeheart Golem  Fire/Summ      100%       N/A       0%          4
 Arcjolt                  Conj/Air       85%        1d95      0%          5
 Fireball                 Conj/Fire      90%        3d33      0%          5
 Iskenderun's Battlesphe  Conj           100%       2d15      0%          5
 Ensorcelled Hibernation  Hex/Ice        100%       N/A       1%          2
 Frozen Ramparts          Ice            100%       1d16      1%          3
 Fugue of the Fallen      Necr           100%       N/A       1%          3
 Gell's Gravitas          Tloc           100%       N/A       1%          3
 Summon Ice Beast         Ice/Summ       100%       N/A       1%          3
 Teleport Other           Tloc           100%       N/A       1%          3
 Vampiric Draining        Necr           100%       2d13      1%          3
 Airstrike                Air            80%        2d(12-28) 1%          4
 Anguish                  Hex/Necr       63%        N/A       1%          4
 Animate Armour           Summ/Erth      100%       N/A       1%          4
 Animate Dead             Necr           100%       N/A       1%          4
 Cause Fear               Hex            66%        N/A       1%          4
 Dimensional Bullseye     Hex/Tloc       60%        N/A       1%          4
 Dispel Undead            Necr           100%       3d31      1%          4
 Iskenderun's Mystic Bla  Conj/Tloc      100%       2d19      1%          4
 Leda's Liquefaction      Alch/Erth      62%        N/A       1%          4
 Manifold Assault         Tloc           100%       N/A       1%          4
 Martyr's Knell           Necr/Summ      100%       N/A       1%          4
 Petrify                  Alch/Erth      100%       N/A       1%          4
 Summon Lightning Spire   Summ/Air       100%       N/A       1%          4
 Vhi's Electric Charge    Tloc/Air       100%       N/A       1%          4
 Alistair's Intoxication  Alch           80%        N/A       1%          5
 Borgnjor's Vile Clutch   Necr/Erth      62%        N/A       1%          5
 Curse of Agony           Necr           100%       N/A       1%          5
 Metabolic Englaciation   Hex/Ice        61%        N/A       1%          5
 Summon Forest            Summ/Tloc      61%        N/A       1%          5
 Summon Mana Viper        Hex/Summ       100%       N/A       1%          5
 Yara's Violent Unravell  Hex/Alch       63%        3d24      1%          5
 Conjure Ball Lightning   Conj/Air       85%        3x3d32    1%          6
 Death Channel            Necr           60%        N/A       1%          6
 Eringya's Noxious Bog    Alch           60%        4d6       1%          6
 Starburst                Conj/Fire      90%        6d23      1%          6
 Summon Cactus Giant      Summ           69%        N/A       1%          6
 Monstrous Menagerie      Summ           69%        N/A       1%          7
 Orb of Destruction       Conj           77%        9d17      1%          7
 Summon Hydra             Summ           69%        N/A       1%          7
 Ignition                 Fire           89%        3d23      1%          8
 Sculpt Simulacrum        Ice/Alch       58%        N/A       2%          6
 Haunt                    Necr/Summ      65%        N/A       3%          7
 Ozocubu's Refrigeration  Ice            56%        4d19      5%          7
 Dispersal                Tloc           52%        N/A       6%          6
 Malign Gateway           Summ/Tloc      61%        N/A       6%          7
 Chain Lightning          Conj/Air       85%        3d114     12%         9
 Discord                  Hex            66%        N/A       17%         8
 Infestation              Necr           60%        N/A       52%         8
 Shatter                  Erth           64%        3d47*     63%         9
 Dragon's Call            Summ           69%        N/A       75%         9
 Polar Vortex             Ice            56%        12d7*     98%         9
 Death's Door             Necr           60%        N/A       100%        9


Dungeon Overview and Level Annotations

Branches:
Dungeon (15/15)            Temple (0/1) D:6            Lair (5/5) D:10
 Shoals (4/4) Lair:3        Snake (4/4) Lair:2        Slime (5/5) Lair:5
    Orc (2/2) D:9             Elf (3/3) Orc:2        Vaults (5/5) D:14
  Crypt (3/3) Vaults:2       Tomb (0/3) Crypt:3      Depths (4/4) D:15
   Hell (visited)             Coc (0/7) Hell            Zot (5/5) Depths:4
  IceCv (visited)         Desolation (visited)      Gauntlet (visited)
    Dis: Hell:1         Geh: Hell:1         Tar: Hell:1

Altars:
Ashenzari
Dithmenos
Elyvilon
Hepliaklqana
Kikubaaqudgha
Okawaru
Qazlal
Ru
Sif Muna
Trog
Uskayaw
Vehumet
Wu Jian
Xom
Zin
The Shining One
Jiyva

Shops:
D:1 **==   D:2 ?   D:9 !   D:10 *   D:12 [   D:15 [   Orc:2 =[[=*   Elf:1 [
Elf:2 *   Shoals:1 (   Shoals:2 (   Snake:3 **   Vaults:4 [   Depths:4 =

Portals:
Hell: Depths:1 Depths:2 Depths:3 Depths:4
Abyss: Depths:3
Pandemonium: Depths:2
Ziggurat: Depths:1


Innate Abilities, Weirdness & Mutations

You are an undying horror.
Your melee and unarmed attacks drain, slow and weaken victims.
You are immune to unholy pain and torment.
You cannot drink.
You are immune to poison.
You have large cloven feet.
You have a pair of small horns on your head.
Your mind is acute. (Int +4, Str/Dex -1)
Your health recovers twice as slowly from being drained.


Message History

The ynoxinul gestures at you.
The iron shot is repelled.
Unknown command.
The tentacled starspawn bites your spellforged servitor!
The tentacled starspawn tentacle-slaps your spellforged servitor!
The starcursed mass touches your fire vortex.
A starcursed mass splits.
The starcursed mass shudders and withdraws towards its neighbour.
Things that are here:
a +0 whip; a +0 robe
There are monsters nearby!
Your spellforged servitor casts a spell at the tentacled starspawn.
The crystal spear hits the tentacled starspawn!!
A tentacle flies out from the starspawn's body!
A starcursed mass splits.
A deafening chorus of shrieks assaults your mind!
* * * LOW HITPOINT WARNING * * *
Your fire vortex closely misses the ynoxinul.
Something touches your fire vortex.
Your fire vortex hits the starcursed mass.
Your fire vortex burns the starcursed mass!
Your fire vortex dissipates!
The starcursed mass shudders and is absorbed by its neighbour.
You begin untransforming.
You continue untransforming.
The starcursed mass touches your spellforged servitor!
A deafening chorus of shrieks assaults your mind!
* * * LOW HITPOINT WARNING * * *
You continue untransforming.
A starcursed mass splits.
Your spellforged servitor casts a spell at the starcursed mass.
The crystal spear hits the starcursed mass!!!
The starcursed mass is destroyed!
Vehumet accepts your kill.
A tentacle flies out from the starspawn's body!
You block the ynoxinul's attack.
Your fire vortex hits the ynoxinul.
Your fire vortex burns the ynoxinul!
Your fire vortex dissipates!
The starcursed mass completely misses your fire vortex.
A deafening chorus of shrieks assaults your mind!
You die...

. . . . .. . # ⌠
⌠ ⌠.....# ##8 #
## ##''#.#. ###
###.X.#..#
'°X⌠.#∩# ## # #
###.v.#.##.#. #
## ##8##)'#...##
###⌠ ⌠#
#XX⌠X)...)..#
..3.
.§.§.wwX...z.# #
X
####Z#X9..☼3#..#
>.#
.#X.#####.v####
##...#<### .v..
#.#.##......#.#
. . #...#
#.##.#.#### # #
# § v○. ## . #
## . ○.. ##..#


You could see 6 starcursed masses, a tentacled starspawn (distracted), a
ynoxinul, 2 starspawn tentacles, a friendly spellforged servitor (summoned) and
4 friendly fire vortices.

Vanquished Creatures
  Cerebov (Pan)
  the Royal Jelly (Slime:5)
  Mnoleg (Pan)
  Gloorx Vloq (Pan)
  Lom Lobon (Pan)
  4 dread liches
  Khufu (Crypt:1)
  An ancient lich (Vaults:5)
  5 orbs of fire (Zot:5)
  2 juggernauts (Depths:2)
  Sojobo (Depths:2)
  3 royal mummies (Crypt:1)
  2 pandemonium lords (Pan)
  Vashnia (Snake:4)
  Bai Suzhen (Crypt:1)
  10 Killer Klowns
  Saint Roka (Snake:2)
  Margery (Crypt:3)
  Geryon (Hell)
  2 curse toes
  13 golden dragons
  Nikola (Depths:1)
  A bone dragon (Depths:4)
  5 electric golems
  2 Brimstone Fiends (Pan)
  2 hellephants
  3 Hell Sentinels (Pan)
  A Tzitzimitl (Pan)
  23 Orb Guardians (Zot:5)
  3 liches
  11 tentacled monstrosities
  7 titans
  3 sphinxes
  4 quicksilver dragons
  A kraken (Shoals:4)
  3 deep elf blademasters (Elf:3)
  2 tentacled starspawn (Abyss:4)
  25 Executioners (Pan)
  A deep elf master archer (Elf:3)
  11 ancient champions
  22 acid blobs
  12 death cobs
  5 tengu reavers
  A revenant (Hell)
  9 draconian monks
  7 rockslimes
  8 storm dragons
  6 shadow dragons
  7 protean progenitors
  3 demonspawn warmongers (Pan)
  A fenstrider witch (Pan)
  7 nagarajas
  8 fire giants
  11 azure jellies
  12 vault wardens
  7 draconian knights
  10 frost giants
  4 draconian shifters
  2 imperial myrmidons (Desolation)
  14 deep elf sorcerers
  An iron dragon (Zot:3)
  8 draconian scorchers
  20 balrugs
  2 curse skulls (Pan)
  10 ghost moths
  3 spectral caustic shrikes (Depths:1)
  2 deep elf elementalists (Elf:3)
  8 ghouls
  8 angels
  18 cacodemons (Pan)
  6 draconian annihilators
  3 orc warlords
  7 demonspawn corrupters (Pan)
  3 demonspawn blood saints (Pan)
  3 caustic shrike skeletons (Pan)
  7 quicksilver oozes
  7 formless jellyfish
  24 reapers
  14 ironbound preservers
  10 green draconians
  8 draconian stormcallers
  5 juggernaut skeletons (Pan)
  6 ironbound thunderhulks
  19 stone giants
  2 ophanim
  25 very ugly things
  An apis (Shoals:4)
  2 spark wasps (Depths:2)
  An elemental wellspring (Hell)
  4 demonspawn black suns (Pan)
  7 deep elf demonologists
  3 deep elf death magi
  16 yellow draconians
  4 purple draconians
  11 deep elf annihilators
  24 vampire knights
  3 lorocyprocas
  4 war gargoyles
  2 halazid warlocks (Desolation)
  10 black draconians
  8 white draconians
  13 dire elephants
  4 eidola
  A wendigo (Hell)
  12 red draconians
  A minotaur (Gauntlet)
  10 green deaths
  2 merfolk javelineers (Shoals:4)
  10 jiangshi
  11 merfolk impalers
  4 iron golems (Hell)
  A mummy priest (Crypt:3)
  9 deep elf high priests
  13 ettins
  4 fire dragons
  6 blizzard demons (Pan)
  5 crystal guardians
  4 great orbs of eyes
  9 ragged hierophants (Desolation)
  2 entropy weavers
  28 vault guards
  12 ice dragons
  A caustic shrike simulacrum (Hell)
  2 spriggan zombies
  12 yaktaur captains
  A jorogumo (Pan)
  3 rakshasas
  10 ironbound frosthearts
  6 spriggan air magi
  8 hydras
  8 peacekeepers
  A servant of whispers (Desolation)
  An alligator (shapeshifter) (Vaults:4)
  3 salamander tyrants
  A merfolk avatar (Shoals:1)
  3 ogre magi (Vaults:5)
  A hell beast (Hell)
  A bennu zombie (Crypt:2)
  22 centaur warriors
  3 satyrs
  2 death knights (Vaults:2)
  4 anacondas
  2 catoblepae
  6 boulder beetles
  28 dancing weapons
  An Orb Guardian skeleton (Crypt:2)
  5 merfolk aquamancers
  6 tengu warriors
  11 two-headed ogres
  Erica (D:8)
  11 deep troll shamans
  11 naga warriors
  11 vampire magi
  13 death yaks
  9 deep troll earth magi
  5 thrashing horrors
  4 orc high priests (Orc:2)
  5 shock serpents
  A demonic crawler (Hell)
  12 hell hogs
  2 spriggan berserkers
  An occultist (Depths:2)
  19 deep elf knights
  21 soul eaters
  21 hell knights
  7 naga sharpshooters
  A spectral emperor scorpion (Pan)
  52 sun demons
  Nergalle (Lair:2)
  3 wretched stars (Abyss:4)
  13 sixfirhies (Pan)
  7 hellephant skeletons (Pan)
  4 skysharks
  10 shadow wraiths
  Amaemon (D:8)
  4 salamander mystics
  15 iron trolls
  A goliath frog (Zot:5)
  A cherub (Abyss:4)
  A bunyip zombie (Crypt:3)
  32 skeletal warriors
  A naga ritualist (Snake:4)
  9 shadow demons (Pan)
  A deep troll (shapeshifter) (Vaults:4)
  A swamp dragon (Lair:5)
  12 large abominations (Pan)
  12 sea snakes
  50 deep trolls
  An orb spider (shapeshifter) (Zot:2)
  2 mana vipers (shapeshifter)
  17 ironbound convokers
  2 orange crystal statues
  9 mana vipers
  12 sun moths (Pan)
  A fenstrider witch simulacrum (Hell)
  6 lindwurms
  8 arcanists
  30 phantasmal warriors
  A glowing orange brain (shapeshifter) (Vaults:4)
  An anaconda skeleton (Crypt:1)
  A spriggan simulacrum (Hell)
  A bog body (Crypt:2)
  9 flayed ghosts
  3 glowing orange brains
  6 orc knights
  Pikel (D:7)
  10 deep elf archers
  17 harpies
  An oklob plant (Lair:1)
  An iron dragon zombie (Hell)
  39 deep elf zephyrmancers
  29 deep elf pyromancers
  7 necromancers
  Maurice (D:7)
  A jorogumo skeleton (Crypt:2)
  5 orc sorcerers (Orc:2)
  8 shining eyes
  7 cyclopes
  A faun (shapeshifter) (Vaults:5)
  16 salamanders
  12 manticores
  31 moths of wrath
  A goliath frog skeleton (Crypt:3)
  8 guardian serpents
  55 ugly things
  Joseph (Lair:1)
  3 naga zombies
  13 fauns
  A centaur zombie (Crypt:1)
  17 vault sentinels
  4 merfolk sirens
  12 elephants
  7 rust devils
  14 smoke demons
  An eye of devastation (shapeshifter) (Vaults:5)
  6 torpor snails
  A kobold blastminer (Orc:2)
  An apocalypse crab (Abyss:4)
  14 naga magi
  14 water nymphs
  21 black mambas
  3 molten gargoyles
  5 gargoyles
  A storm dragon simulacrum (Crypt:1)
  13 orange demons
  An ice statue (Lair:3)
  2 catoblepas zombies
  10 cane toads
  4 eyes of devastation
  A hellion (Pan)
  27 yaktaurs
  An unseen horror (D:13)
  A steelbarb worm zombie (Crypt:3)
  A dire elephant skeleton (Crypt:1)
  8 komodo dragons
  6 freezing wraiths
  12 rime drakes
  A centaur skeleton (Crypt:1)
  3 tormentors
  A bunyip simulacrum (Crypt:1)
  12 efreet
  A mana viper skeleton (Crypt:1)
  2 kobold demonologists
  An ancient zyme (Abyss:2)
  A tengu conjurer (Depths:2)
  A green draconian skeleton (Crypt:2)
  6 guardian mummies (Crypt:3)
  A harpy zombie (Crypt:3)
  13 merfolk
  2 wind drakes
  A black draconian skeleton (Crypt:2)
  5 trolls
  2 death yak skeletons
  A merfolk (shapeshifter) (Vaults:4)
  A shadow dragon simulacrum (Hell)
  Grinder (D:6)
  13 polar bears
  8 hellwings (Pan)
  9 hornets
  4 tyrant leeches (Lair:5)
  A glass eye (shapeshifter) (Vaults:4)
  34 saltlings (Desolation)
  7 blink frogs
  Prince Ribbit (D:6)
  A harpy skeleton (Crypt:1)
  An ice dragon zombie (Crypt:3)
  7 dream sheep
  6 glass eyes
  6 snapping turtles
  4 raiju (Abyss:4)
  A slime creature (shapeshifter) (Elf:1)
  3 ettin zombies (Crypt:3)
  88 slime creatures
  A centaur simulacrum (Hell)
  2 shadows
  3 air elementals
  A jumping spider (Vaults:1)
  An ettin skeleton (Crypt:1)
  5 water elementals
  A fire dragon skeleton (Crypt:2)
  14 ynoxinuls
  66 yaks
  11 wraiths
  6 wyverns
  2 golden eyes (Slime:4)
  A hog (shapeshifter) (Elf:1)
  10 basilisks
  5 fire elementals
  A redback (Vaults:1)
  A steam dragon (Lair:5)
  13 neqoxecs
  A warg (Orc:2)
  7 vampire mosquitoes
  19 chaos spawn
  A glowing shapeshifter zombie (Crypt:2)
  2 small abominations (Abyss:4)
  5 acid dragons
  A fire bat zombie (Crypt:3)
  31 nagas
  15 water moccasins
  A swamp worm (shapeshifter) (Depths:1)
  7 ice beasts
  26 orc warriors
  2 sky beasts (D:7)
  4 black bears
  25 laughing skulls
  11 wolves
  4 ogres
  A hog zombie (Crypt:3)
  An ogre (shapeshifter) (Vaults:5)
  4 boggarts
  17 centaurs
  7 kobold brigands
  3 lemures (D:7)
  2 phantoms
  A weeping skull (Abyss:2)
  A komodo dragon zombie (Crypt:2)
  10 bullfrogs
  2 gnoll sergeants
  A naga simulacrum (Hell)
  3 necrophages
  A brain worm (Pan)
  5 earth elementals
  2 elf skeletons (Crypt:3)
  6 scorpions
  5 wights (D:10)
  19 killer bees
  A polar bear skeleton (Crypt:3)
  5 howler monkeys
  A yak skeleton (Crypt:2)
  8 electric eels
  A quasit (Abyss:2)
  4 hounds
  A lava snake (Lair:2)
  8 jellies
  A sleepcap (D:5)
  A bullfrog skeleton (Crypt:3)
  30 orc priests
  5 starcursed masses (Abyss:4)
  10 iguanas
  Terence (D:3)
  2 gnoll boudas
  16 hell rats
  41 orc wizards
  A crocodile zombie (Crypt:1)
  A hound skeleton (Crypt:1)
  19 gnolls
  13 adders
  8 river rats (Lair:4)
  2 shadow imps
  3 white imps (Abyss:4)
  7 ufetubi
  4 ribbon worms
  4 dart slugs
  93 orcs
  7 bats
  3 endoplasms
  3 giant cockroaches
  10 goblins
  7 hobgoblins
  3 quokkas
  6 ball pythons
  5 frilled lizards
  A goblin skeleton (Crypt:1)
  A hobgoblin zombie (Crypt:3)
  24 kobolds
  9 rats
  A river rat zombie (Crypt:1)
  11 aspiring fleshes
  A butterfly (Zot:2)
  11 fire vortices
  A lurking horror (Abyss:4)
  A tentacle (Shoals:4)
2977 creatures vanquished.

Vanquished Creatures (collateral kills)
  A dread lich (Zot:5)
  2 golden dragons
  A hellephant (Depths:3)
  An electric golem (Zot:5)
  2 Orb Guardians (Zot:5)
  6 tentacled monstrosities
  A walking crystal tome (Depths:4)
  A deep elf blademaster (Elf:2)
  A sphinx (Zot:3)
  3 acid blobs (Slime:5)
  A titan (Pan)
  4 Executioners (Pan)
  An azure jelly (Slime:4)
  3 shadow dragons
  A tengu reaver (Depths:2)
  3 demonspawn warmongers (Pan)
  A storm dragon (Zot:3)
  3 protean progenitors
  A nagaraja (Snake:4)
  2 fire giants (Depths:4)
  2 draconian monks (Zot:1)
  3 rockslimes
  4 balrugs (Pan)
  3 frost giants
  5 reapers
  A cacodemon (Pan)
  3 ironbound preservers
  A draconian stormcaller (Zot:5)
  A stone giant (Vaults:5)
  3 ghouls (Crypt:2)
  A formless jellyfish (Slime:3)
  A juggernaut skeleton (Pan)
  2 demonspawn blood saints (Pan)
  A vampire knight (Depths:4)
  2 green draconians
  2 black draconians
  2 white draconians
  A war gargoyle (Vaults:5)
  3 dire elephants (Vaults:1)
  A yellow draconian (Depths:4)
  A blizzard demon (Pan)
  A green death (Pan)
  4 fire dragons
  3 merfolk javelineers
  An entropy weaver (Vaults:1)
  An ice dragon (IceCv)
  4 merfolk impalers (Shoals:4)
  2 yaktaur captains
  A spriggan zombie (Crypt:3)
  A rakshasa (Abyss:4)
  A jorogumo (Pan)
  A peacekeeper (Desolation)
  2 merfolk avatars (Shoals:4)
  A centaur warrior (D:15)
  A hell beast (Pan)
  2 boulder beetles
  An anaconda (Snake:4)
  A satyr (Shoals:4)
  2 naga warriors
  A two-headed ogre (Pan)
  2 hell hogs (Depths:3)
  2 shock serpents
  A demonic crawler (Pan)
  A naga sharpshooter (Snake:4)
  2 spectral emperor scorpions (Pan)
  3 dancing weapons
  2 soul eaters (Pan)
  12 sun demons
  A hell knight (Depths:4)
  6 skeletal warriors
  3 deep elf knights
  A hellephant skeleton (Pan)
  9 sixfirhies (Pan)
  4 deep trolls
  A mana viper (Snake:4)
  2 naga ritualists (Snake:4)
  3 sea snakes
  A sun moth (Pan)
  A bog body (Crypt:2)
  3 cherubim
  An orc knight (D:15)
  2 large abominations (Pan)
  2 phantasmal warriors (Crypt:3)
  2 harpies (Shoals:4)
  4 deep elf zephyrmancers
  10 ugly things
  A deep elf pyromancer (Elf:3)
  3 fauns
  A merfolk siren (Shoals:2)
  3 salamanders
  A cyclops (Shoals:4)
  A frost giant zombie (Crypt:2)
  2 moths of wrath (Zot:2)
  2 manticores
  4 elephants (Lair:5)
  2 naga magi
  A black mamba (Snake:4)
  A guardian serpent (Snake:4)
  A rust devil (Hell)
  An orange demon (Pan)
  A vault sentinel (Vaults:1)
  7 smoke demons
  2 rime drakes (IceCv)
  5 efreet
  4 merfolk
  2 polar bears (IceCv)
  An ancient zyme (Abyss:4)
  2 hellwings (Pan)
  2 tyrant leeches (Zot:3)
  2 snapping turtles (Shoals:2)
  A glass eye (Slime:5)
  9 saltlings (Desolation)
  A dream sheep (Shoals:4)
  6 slime creatures
  5 ynoxinuls (Pan)
  A wraith (D:13)
  2 basilisks (Lair:5)
  A water elemental (Shoals:4)
  A warg (D:15)
  4 chaos spawn (Pan)
  A harpy simulacrum (Hell)
  2 nagas (Snake:4)
  2 laughing skulls
  An orc warrior (Orc:1)
  A starcursed mass (Abyss:4)
  5 centaurs (D:15)
  A weeping skull (Gauntlet)
  A necrophage (Crypt:2)
  2 earth elementals (Elf:2)
  An orc priest (D:15)
  An orc wizard (D:13)
  4 orcs
299 creatures vanquished.

Vanquished Creatures (others)
  An eldritch tentacle (Pan)
  A nagaraja (Pan)
  A fenstrider witch (Pan)
  A demonspawn warmonger (Pan)
  A demonspawn blood saint (Pan)
  A black draconian (Zot:5)
  A white draconian (Zot:2)
  A sun demon (Pan)
  A smoke demon (Pan)
  A black mamba (Lair:2)
  A dire elephant simulacrum (Hell)
  A chaos spawn (Pan)
  An acid dragon (Lair:5)
  A human (D:5)
  A giant cockroach (D:3)
  392 fire vortices
  188 foxfires
  14 fulminant prisms
  2 starspawn tentacles (Abyss:4)
  7 tentacles (Shoals:4)
618 creatures vanquished.

Grand Total: 3894 creatures vanquished

Notes
Turn   | Place    | Note
-------+----------+-------------------------------------------
     0 | D:1      | hikkokomori the Deep Elf Fire Elementalist began the quest
                  | for the Orb.
     0 | D:1      | Reached XP level 1. HP: 10/10 MP: 6/6
    46 | D:1      | Found Upuohe's Jewellery Shop.
   140 | D:1      | Found Bashro's Jewellery Shop.
   275 | D:1      | Found Tutreas's Assorted Antiques.
   427 | D:1      | Found Doshuoc's Armour Emporium.
   470 | D:1      | Reached XP level 2. HP: 2/16 MP: 6/8
   582 | D:1      | Found Lauxuw's Assorted Antiques.
   590 | D:1      | Bought a scroll labelled CIUQUL CYMA for 28 gold pieces
   590 | D:1      | Bought 2 scrolls labelled NUOPES ZACVIMN for 56 gold pieces
   711 | D:1      | Reached skill level 1 in Fighting
  1077 | D:1      | Reached XP level 3. HP: 13/20 MP: 2/9
  1242 | D:2      | Reached skill level 4 in Spellcasting
  1426 | D:2      | Learned a level 1 spell: Apportation
  1430 | D:2      | Learned a level 3 spell: Inner Flame
  1434 | D:2      | Learned a level 3 spell: Volatile Blastmotes
  1451 | D:2      | Reached XP level 4. HP: 25/25 MP: 10/12
  1651 | D:2      | Reached skill level 5 in Spellcasting
  1725 | D:2      | Found Eleimn's Magic Scroll Shoppe.
  1742 | D:2      | Bought a scroll of teleportation for 30 gold pieces
  1778 | D:2      | Reached skill level 1 in Hexes
  2239 | D:3      | Found a radiant altar of Vehumet.
  2241 | D:3      | Found a shimmering altar of Xom.
  2243 | D:3      | Found a glowing silver altar of Zin.
  2243 | D:3      | Found a shimmering blue altar of Sif Muna.
  2254 | D:3      | Became a worshipper of Vehumet
  2443 | D:3      | Found an iron altar of Okawaru.
  2447 | D:3      | Found a white marble altar of Elyvilon.
  2519 | D:3      | Reached XP level 5. HP: 29/29 MP: 2/14
  2782 | D:3      | Found a stormy altar of Qazlal.
  2895 | D:3      | Noticed Terence
  2910 | D:3      | Killed Terence
  2965 | D:3      | Learned a level 4 spell: Fulminant Prism
  3403 | D:4      | Learned a level 2 spell: Scorch
  3514 | D:4      | Reached skill level 1 in Alchemy
  3606 | D:4      | Reached XP level 6. HP: 34/34 MP: 7/15
  3697 | D:4      | Found a hazy altar of Hepliaklqana.
  3711 | D:4      | Reached * piety under Vehumet
  3711 | D:4      | Offered knowledge of Sandblast by Vehumet.
  3714 | D:4      | Learned a level 1 spell: Sandblast
  4164 | D:4      | Reached XP level 7. HP: 38/38 MP: 10/17
  4716 | D:5      | Entered Level 5 of the Dungeon
  4764 | D:5      | Reached skill level 6 in Spellcasting
  5078 | D:5      | Offered knowledge of Freeze by Vehumet.
  5194 | D:5      | Reached skill level 7 in Spellcasting
  5200 | D:5      | Reached ** piety under Vehumet
  5204 | D:5      | Reached skill level 8 in Spellcasting
  5204 | D:5      | Reached XP level 8. HP: 35/46 MP: 4/22
  5267 | D:5      | Reached skill level 1 in Air Magic
  5267 | D:5      | Reached skill level 1 in Earth Magic
  5842 | D:5      | Found an ancient bone altar of Kikubaaqudgha.
  5966 | D:5      | Learned a level 5 spell: Freezing Cloud
  6132 | D:6      | Noticed Prince Ribbit
  6137 | D:6      | Killed Prince Ribbit
  6140 | D:6      | Noticed Grinder
  6145 | D:6      | Paralysed by Grinder for 2 turns
  6153 | D:6      | Killed Grinder
  6154 | D:6      | Reached skill level 5 in Conjurations
  6250 | D:6      | Found a staircase to the Ecumenical Temple.
  6380 | D:6      | Reached XP level 9. HP: 50/50 MP: 18/23
  7432 | D:7      | Identified the +1 helmet of a Billion Xenops {rN++ Int+3}
  7544 | D:7      | Noticed a two-headed ogre
  7861 | D:7      | Noticed a troll
  7866 | D:7      | Killed a troll
  7867 | D:7      | Reached skill level 9 in Spellcasting
  7867 | D:7      | Reached skill level 5 in Fire Magic
  7867 | D:7      | Reached skill level 5 in Ice Magic
  7952 | D:7      | Offered knowledge of Stone Arrow by Vehumet.
  7985 | D:7      | Learned a level 3 spell: Stone Arrow
  7989 | D:7      | Noticed Maurice
  7994 | D:7      | Killed Maurice
  8147 | D:7      | Noticed a manticore
  8159 | D:7      | Killed a manticore
  8160 | D:7      | Reached skill level 10 in Spellcasting
  8160 | D:7      | Reached XP level 10. HP: 40/56 MP: 11/26
  8252 | D:7      | Noticed a deep elf pyromancer
  8264 | D:7      | Killed a deep elf pyromancer
  8329 | D:7      | Got the Thoughts on Amorphous Rallying
  8706 | D:7      | Killed a two-headed ogre
  8706 | D:7      | Reached *** piety under Vehumet
  8707 | D:7      | Reached skill level 10 in Conjurations
  8822 | D:7      | Noticed Pikel
  8828 | D:7      | Killed Pikel
  9287 | D:8      | Noticed Amaemon
  9293 | D:8      | Noticed an orange demon
  9293 | D:8      | Killed Amaemon
  9294 | D:8      | Reached skill level 5 in Fighting
  9300 | D:8      | Killed an orange demon
  9333 | D:7      | Offered knowledge of Airstrike by Vehumet.
  9459 | D:7      | Learned a level 4 spell: Airstrike
  9540 | D:8      | Reached skill level 1 in Evocations
  9544 | D:8      | Reached XP level 11. HP: 64/64 MP: 14/27
  9799 | D:8      | Identified 2 scrolls of acquirement
  9800 | D:8      | Acquired a staff of fire
  9801 | D:8      | Acquired 758 gold pieces
  9991 | D:2      | Bought a scroll of identify for 20 gold pieces
  9991 | D:2      | Bought a scroll of amnesia for 40 gold pieces
  9991 | D:2      | Bought a scroll of amnesia for 40 gold pieces
  9991 | D:2      | Bought a scroll of identify for 20 gold pieces
  9999 | D:2      | Learned a level 5 spell: Fireball
 10057 | D:1      | Bought a ring of willpower for 300 gold pieces
 10086 | D:1      | Bought the macabre finger necklace {Finger+ rN+} for 480
                  | gold pieces
 10086 | D:1      | Found the macabre finger necklace {Finger+ rN+}
 10096 | D:1      | Bought a ring of poison resistance for 240 gold pieces
 10409 | D:8      | Noticed Erica
 10415 | D:8      | Killed Erica
 10618 | D:9      | Found Eqoikus's Distillery.
 10626 | D:9      | Reached skill level 5 in Evocations
 10733 | D:9      | Reached skill level 1 in Translocations
 10787 | D:9      | Bought a potion of enlightenment for 75 gold pieces
 10875 | D:9      | Found a staircase to the Orcish Mines.
 11101 | D:9      | Reached **** piety under Vehumet
 11492 | D:9      | Found an ornate altar of the Wu Jian Council.
 11622 | D:9      | Offered knowledge of Dazzling Flash by Vehumet.
 11928 | D:9      | Found a broken altar of Ashenzari.
 12180 | Orc:1    | Entered Level 1 of the Orcish Mines
 12375 | Orc:1    | Noticed an orc knight
 12608 | Orc:1    | Killed an orc knight
 12609 | Orc:1    | Reached skill level 11 in Spellcasting
 12744 | Orc:2    | Entered Level 2 of the Orcish Mines
 12744 | Orc:2    | Found a staircase to the Elven Halls.
 12760 | Orc:2    | Noticed an orc sorcerer
 12825 | Orc:2    | Killed an orc sorcerer
 12825 | Orc:2    | Noticed an ettin
 12828 | Orc:2    | Killed an ettin
 12834 | Orc:2    | Reached ***** piety under Vehumet
 12834 | Orc:2    | Offered knowledge of Plasma Beam by Vehumet.
 13102 | Orc:2    | Reached skill level 12 in Spellcasting
 13102 | Orc:2    | Noticed an orc sorcerer
 13103 | Orc:2    | Killed an orc sorcerer
 13231 | Orc:2    | Noticed an orc warlord
 13236 | Orc:2    | Killed an orc warlord
 13237 | Orc:2    | Reached XP level 12. HP: 70/70 MP: 25/30
 13239 | Orc:2    | Reached skill level 13 in Spellcasting
 13248 | Orc:1    | Learned a level 6 spell: Plasma Beam
 13575 | Orc:2    | Reached skill level 14 in Spellcasting
 13926 | Orc:1    | Reached skill level 1 in Staves
 14378 | Orc:2    | Noticed an orc high priest
 14381 | Orc:2    | Offered knowledge of Brom's Barrelling Boulder by Vehumet.
 14382 | Orc:2    | Reached skill level 5 in Air Magic
 14383 | Orc:2    | Noticed an orc high priest
 14384 | Orc:2    | Killed an orc high priest
 14411 | Orc:2    | Noticed an orc high priest
 14417 | Orc:2    | Killed an orc high priest
 14428 | Orc:2    | Noticed an orc high priest
 14659 | Orc:2    | Killed an orc high priest
 14718 | Orc:2    | Found Jyenawk's General Store.
 14718 | Orc:2    | Found Torekiq's Antique Armour Shoppe.
 14719 | Orc:2    | Found Kawaag's Antique Armour Shoppe.
 14723 | Orc:2    | Found Upiunlec's Jewellery Emporium.
 14747 | Orc:2    | Bought a pair of glowing boots for 202 gold pieces
 14926 | Orc:2    | Found Hagh's Jewellery Emporium.
 15005 | Orc:2    | Killed an orc high priest
 15072 | D:10     | Entered Level 10 of the Dungeon
 15132 | Elf:1    | Entered Level 1 of the Elven Halls
 15132 | Elf:1    | Noticed a deep elf death mage
 15137 | Elf:1    | Noticed a deep elf death mage
 15323 | D:10     | Reached skill level 5 in Dodging
 15510 | D:10     | Found Qyanta's Mayhem Merchandise.
 15893 | D:10     | Found a shadowy altar of Dithmenos.
 15995 | D:10     | Found a staircase to the Lair.
 16053 | D:10     | Found a hide-covered altar of Uskayaw.
 16102 | D:10     | Noticed a two-headed ogre
 16104 | D:10     | Killed a two-headed ogre
 16469 | Lair:1   | Entered Level 1 of the Lair of Beasts
 16469 | Lair:1   | Noticed Joseph
 16475 | Lair:1   | Killed Joseph
 16480 | D:10     | Reached XP level 13. HP: 53/75 MP: 15/33
 16956 | Lair:1   | Offered knowledge of Lee's Rapid Deconstruction by Vehumet.
 16963 | Lair:1   | Learned a level 5 spell: Lee's Rapid Deconstruction
 17799 | Lair:2   | Noticed Nergalle
 17800 | Lair:2   | Reached skill level 5 in Stealth
 17803 | Lair:2   | Killed Nergalle
 17968 | Lair:2   | Found a staircase to the Snake Pit.
 18859 | Lair:3   | You are sucked into a shaft and drop 1 floor!
 18963 | Lair:4   | Reached skill level 15 in Spellcasting
 19010 | Lair:4   | Reached XP level 14. HP: 82/82 MP: 25/35
 19027 | Lair:4   | Reached skill level 16 in Spellcasting
 19178 | Lair:4   | Offered knowledge of Starburst by Vehumet.
 19685 | Lair:5   | Entered Level 5 of the Lair of Beasts
 19693 | Lair:5   | Reached skill level 17 in Spellcasting
 19773 | Lair:3   | Found a staircase to the Shoals.
 19876 | Lair:3   | Learned a level 5 spell: Irradiate
 20015 | Lair:3   | Reached skill level 18 in Spellcasting
 20081 | Lair:3   | Reached skill level 5 in Hexes
 20977 | Lair:5   | Offered knowledge of Spellforged Servitor by Vehumet.
 20986 | Lair:5   | Reached skill level 10 in Hexes
 21331 | D:1      | Bought a scroll of amnesia for 96 gold pieces
 21340 | D:1      | Learned a level 7 spell: Spellforged Servitor
 21697 | Lair:5   | Found a staircase to the Slime Pits.
 21709 | Lair:5   | Reached skill level 1 in Summonings
 21777 | Lair:5   | Found a viscous altar of Jiyva.
 21953 | Lair:5   | Reached skill level 5 in Summonings
 22163 | Lair:5   | Reached XP level 15. HP: 86/86 MP: 36/39
 23814 | D:12     | Found Ynorch's Armour Shoppe.
 24080 | D:12     | Offered knowledge of Ozocubu's Refrigeration by Vehumet.
 24629 | D:13     | Reached skill level 10 in Summonings
 24816 | D:13     | Identified the ring of the Haunted God {Fly Int+4 Dex+3
                  | Stlth+}
 25161 | D:14     | Reached skill level 19 in Spellcasting
 25351 | D:14     | Found a gate to the Vaults.
 25962 | D:15     | Entered Level 15 of the Dungeon
 26023 | D:15     | Found Gunyunta's Armour Shoppe.
 26034 | D:15     | Reached ****** piety under Vehumet
 26034 | D:15     | Offered knowledge of Maxwell's Capacitive Coupling by
                  | Vehumet.
 26139 | D:15     | Reached XP level 16. HP: 61/92 MP: 36/41
 26145 | D:15     | Found a gate leading to a gauntlet.
 26155 | Gauntlet | Entered a Gauntlet
 26155 | Gauntlet | Found a large runed translucent door.
 26155 | Gauntlet | Found a large runed translucent door.
 26155 | Gauntlet | Found a large runed translucent door.
 26155 | Gauntlet | Found a large runed translucent door.
 26155 | Gauntlet | Found a large runed translucent door.
 26155 | Gauntlet | Found a large runed translucent door.
 26155 | Gauntlet | Found a runed translucent door.
 26155 | Gauntlet | Found a transporter.
 26155 | Gauntlet | Found a runed translucent door.
 26155 | Gauntlet | Found a large runed translucent door.
 26155 | Gauntlet | Found a large runed translucent door.
 26155 | Gauntlet | Found a large runed translucent door.
 26155 | Gauntlet | Found a large runed translucent door.
 26155 | Gauntlet | Found a large runed translucent door.
 26155 | Gauntlet | Found a large runed translucent door.
 26284 | Gauntlet | Found a transporter.
 26302 | Gauntlet | Found a transporter.
 26305 | Gauntlet | Found a transporter.
 26318 | Gauntlet | Found a transporter.
 26339 | Gauntlet | Found a transporter.
 26353 | Gauntlet | Found a transporter.
 26372 | Gauntlet | Found a transporter.
 26376 | Gauntlet | Found a transporter.
 26387 | Gauntlet | Found a transporter.
 26413 | Gauntlet | Found a large runed translucent door.
 26413 | Gauntlet | Found a large runed translucent door.
 26414 | Gauntlet | Found a runed translucent gate.
 26414 | Gauntlet | Found a runed translucent gate.
 26414 | Gauntlet | Found a runed translucent gate.
 26416 | Gauntlet | Found a transporter.
 26420 | Gauntlet | Found a transporter.
 26440 | Gauntlet | Found a large runed translucent door.
 26441 | Gauntlet | Found a large runed translucent door.
 26531 | Gauntlet | Learned a level 8 spell: Maxwell's Capacitive Coupling
 26549 | Gauntlet | Identified the ring of Leaves {rF+ Dex+6}
 26555 | Gauntlet | Identified the amulet of the Burgomaster {Acrobat rPois
                  | Int+3}
 26617 | Gauntlet | Identified the +0 pair of gloves of Shielding {rCorr}
 26680 | Gauntlet | Acquired the ring of the Mage {Wiz Archmagi}
 26680 | Gauntlet | Found the ring of the Mage {Wiz Archmagi}
 26813 | D:15     | Found a runed translucent door.
 27142 | D:15     | Found a staircase to the Depths.
 27931 | Shoals:1 | Entered Level 1 of the Shoals
 27960 | Shoals:1 | Reached skill level 20 in Spellcasting
 28647 | Shoals:1 | Found Holuzxie's Antique Weapon Shoppe.
 28997 | Shoals:2 | Reached skill level 10 in Air Magic
 29183 | Shoals:2 | Found Syveph's Weapon Boutique.
 30852 | Shoals:4 | Entered Level 4 of the Shoals
 30866 | Shoals:3 | Offered knowledge of Lehudib's Crystal Spear by Vehumet.
 30866 | Shoals:3 | Offered knowledge of Fire Storm by Vehumet.
 30866 | Shoals:3 | Offered knowledge of Polar Vortex by Vehumet.
 31175 | Shoals:4 | Reached XP level 17. HP: 97/97 MP: 25/43
 31623 | Shoals:4 | Reached skill level 10 in Fire Magic
 32452 | Shoals:4 | Found a glowing silver altar of Zin.
 32474 | Shoals:4 | Got a barnacled rune of Zot
 32528 | Shoals:4 | Found a glowing golden altar of the Shining One.
 32545 | Shoals:4 | Identified the +5 flail "Zuexar" {holy, Str+6}
 32661 | Shoals:4 | Noticed a kraken
 32665 | Shoals:4 | Killed a kraken
 32975 | Shoals:4 | Found a white marble altar of Elyvilon.
 33260 | Snake:1  | Entered Level 1 of the Snake Pit
 33359 | Snake:1  | You are sucked into a shaft and drop 1 floor!
 33359 | Snake:2  | Found a bloodstained altar of Trog.
 33370 | Snake:2  | Identified the +2 scale mail of Apathy {Rampage rF- rCorr
                  | Slay+5}
 33380 | Snake:2  | Noticed Saint Roka
 33388 | Snake:2  | Killed Saint Roka
 34401 | Snake:2  | Reached skill level 10 in Fighting
 34697 | Snake:1  | Learned a level 3 spell: Swiftness
 36288 | Snake:3  | Found Vunn's General Store.
 36288 | Snake:3  | Found Zaguakoq's General Store.
 36304 | Snake:3  | Bought a scroll of blinking for 120 gold pieces
 36606 | Snake:3  | Reached skill level 10 in Dodging
 36615 | Snake:3  | Reached XP level 18. HP: 51/107 MP: 44/44
 36996 | Snake:3  | Reached skill level 21 in Spellcasting
 37874 | Snake:4  | Entered Level 4 of the Snake Pit
 37909 | Snake:4  | Reached skill level 1 in Throwing
 38347 | Snake:4  | Found a glacial archway.
 38437 | IceCv    | Entered an ice cave
 38878 | IceCv    | Identified the +2 hat of Quorykk {Regen+ rCorr}
 39261 | IceCv    | Reached skill level 10 in Evocations
 40206 | Snake:4  | Noticed Vashnia
 40329 | Snake:4  | Killed Vashnia
 40609 | Snake:4  | Got a serpentine rune of Zot
 40998 | Orc:2    | Reached skill level 5 in Earth Magic
 41296 | Elf:1    | Reached XP level 19. HP: 112/112 MP: 34/46
 42680 | Elf:1    | Found Ozulais's Antique Armour Shoppe.
 43097 | Elf:2    | Found Dentenir's Assorted Antiques.
 43125 | Elf:2    | Bought a brightly glowing robe for 188 gold pieces
 43125 | Elf:2    | Identified the +1 robe of the Treeataur {rC+ Will+} (You
                  | bought it in a shop on level 2 of the Elven Halls)
 43151 | Elf:2    | Found a glowing silver altar of Zin.
 43153 | Elf:2    | Found a white marble altar of Elyvilon.
 43155 | Elf:2    | Found a glowing golden altar of the Shining One.
 43157 | Elf:2    | Found a crumbling gateway.
 43366 | Desolati | Entered the Desolation of Salt
 43409 | Desolati | Identified the +1 robe of Huulaufe {Int+4 SInv}
 43898 | Desolati | Identified the ring "Ifomib" {rC+ rN+ rCorr SInv Stlth+}
 44008 | Desolati | Got Ysajicho's Grimoire of the Geometric Tektite
 44013 | Desolati | Identified the ring of Uxaeth {rPois rF+ Int+6 Dex+2}
 44122 | Desolati | Identified the amulet of Bihielo {rC+ Will+ Regen+ MP+9}
 44124 | Desolati | Identified the +2 robe of Xom's Benevolence {Int+3}
 44137 | Desolati | Identified the +4 trident of the Viny God {drain, Dex+3}
 45477 | D:15     | Identified the +8 flail "Rutzopuz" {holy, ^Fragile +Blink
                  | Fly Str+5}
 45589 | Vaults:1 | Entered Level 1 of the Vaults
 45600 | Vaults:1 | Identified the +1 cloak of Xozeojaf {rElec Will- Dex+2}
 45650 | Vaults:1 | Reached skill level 1 in Shields
 45844 | Vaults:1 | Reached XP level 20. HP: 117/117 MP: 3/47
 46076 | Vaults:1 | Reached skill level 5 in Shields
 46165 | Vaults:1 | Reached skill level 22 in Spellcasting
 47787 | Vaults:2 | Reached skill level 23 in Spellcasting
 47839 | Vaults:2 | Found a staircase to the Crypt.
 48943 | Vaults:3 | Reached skill level 24 in Spellcasting
 49595 | Vaults:3 | Reached skill level 15 in Fire Magic
 50186 | Vaults:3 | Reached XP level 21. HP: 122/122 MP: 41/51
 50496 | Vaults:3 | Learned a level 8 spell: Lehudib's Crystal Spear
 50514 | Vaults:4 | Found Nuzoblol's Armour Shoppe.
 50695 | Vaults:4 | Identified the serpent talisman "Sobiuxidd" {rN++ Int-4
                  | Slay+6}
 51060 | Vaults:4 | Reached skill level 10 in Earth Magic
 51532 | Vaults:4 | Identified the +1 robe "Vahebb" {rF+}
 51614 | Vaults:4 | Identified the +1 leather armour "Ogiefrex" {Will+ Int+5
                  | Dex+3 Stlth-}
 51943 | Depths:1 | Entered Level 1 of the Depths
 51948 | Depths:1 | Noticed Nikola
 51951 | Depths:1 | Killed Nikola
 52052 | Depths:1 | Reached skill level 1 in Armour
 52265 | Depths:1 | Found a gateway to Hell.
 53010 | Depths:1 | Found a one-way gateway to a ziggurat.
 53248 | Depths:2 | Noticed Sojobo
 53255 | Depths:2 | Killed Sojobo
 53270 | Depths:2 | Noticed a juggernaut
 53274 | Depths:2 | Killed a juggernaut
 53284 | Depths:2 | Noticed a juggernaut
 53288 | Depths:2 | Noticed a golden dragon
 53289 | Depths:2 | Killed a juggernaut
 53843 | Depths:2 | Reached skill level 5 in Armour
 54125 | Depths:2 | Killed a golden dragon
 54126 | Depths:2 | Reached XP level 22. HP: 132/132 MP: 24/52
 54354 | Depths:2 | Identified the +1 pair of boots of Rougyeq {SInv}
 54462 | Depths:2 | Noticed a golden dragon
 54465 | Depths:2 | Killed a golden dragon
 55352 | Depths:2 | Found a one-way gate leading to the halls of Pandemonium.
 55740 | Depths:3 | Reached skill level 10 in Shields
 56343 | Depths:3 | Found a one-way gate to the infinite horrors of the Abyss.
 56350 | Depths:3 | Got the Collected Works on the Zephyr and Beguiling
 56651 | Depths:3 | Identified the +5 scimitar "Zuubluc" {venom, ^Drain rF++
                  | rCorr Str+2}
 56861 | Depths:4 | Entered Level 4 of the Depths
 57564 | Depths:4 | Noticed a golden dragon
 57573 | Depths:4 | Killed a golden dragon
 57706 | Depths:4 | Noticed a golden dragon
 58337 | Depths:4 | Killed a golden dragon
 58416 | Depths:4 | Reached XP level 23. HP: 142/142 MP: 42/53
 58614 | Depths:4 | Found Numocimu's One-of-a-Kind Rings.
 58845 | Depths:4 | Learned a level 9 spell: Fire Storm
 58851 | Depths:4 | Found a gate to the Realm of Zot.
 59041 | Depths:4 | Found a sacrificial altar of Ru.
 59479 | Orc:2    | Bought a pair of glowing gloves for 165 gold pieces
 59667 | Elf:2    | Learned a level 7 spell: Enfeeble
 59670 | Elf:2    | Learned a level 2 spell: Sublimation of Blood
 60084 | Elf:2    | Identified the +1 chain mail of Zynioreec {MP+9 Int+3 Dex-5
                  | Slay+2}
 60142 | Elf:2    | Found a huge runed translucent gate.
 60142 | Elf:2    | Found a huge runed translucent gate.
 60143 | Elf:2    | Found a huge runed translucent gate.
 60168 | Elf:2    | Found a huge runed translucent gate.
 60174 | Elf:2    | Found a huge runed translucent gate.
 60388 | Elf:2    | Reached skill level 15 in Conjurations
 61078 | Elf:3    | Entered Level 3 of the Elven Halls
 61324 | Elf:3    | Reached skill level 25 in Spellcasting
 61604 | Elf:3    | Reached skill level 1 in Necromancy
 61849 | Elf:3    | Identified the staff "Aseagh" {^Fragile rElec rC+++ Str-2
                  | Fire Air}
 61891 | Elf:3    | Identified the +0 leather armour of Ofour {Int+2 SInv}
 61917 | Elf:3    | Found the +9 staff of Olgreb {rPois∞}
 61957 | Elf:3    | Identified the amulet "Xuyhiah" {Reflect ^Contam Regen+
                  | Int+8 Dex-4 SH+5}
 61961 | Elf:3    | Identified the +6 chain mail of Omeot {Regen+}
 61965 | Elf:3    | Got Sif Muna's Information on Unholy Feathers
 62883 | Slime:1  | Entered Level 1 of the Pits of Slime
 63448 | Slime:3  | Reached skill level 5 in Necromancy
 63844 | Slime:4  | Reached XP level 24. HP: 136/148 MP: 23/54
 64248 | Slime:5  | Entered Level 5 of the Pits of Slime
 64483 | Slime:5  | Found a viscous altar of Jiyva.
 64671 | Slime:5  | Noticed the Royal Jelly
 64676 | Slime:5  | Killed the Royal Jelly
 64896 | Slime:5  | Got Uhoxuege's Atlas of the Vile Coals
 64897 | Slime:5  | Identified the +7 war axe "Cetsammi" {freeze, rPois rCorr
                  | MP-9 Int+3}
 64913 | Slime:5  | Identified the +1 war axe "hikkokomori's Bane" {heavy,
                  | *Noise rCorr Str+7 Int+2}
 64955 | Slime:5  | Identified the +2 scimitar of Onobam {vamp, rPois MP+9}
 64964 | Slime:5  | Got a slimy rune of Zot
 64967 | Slime:5  | Identified the +0 halberd of Painful Death {speed, rF+
                  | Int+3 Dex+3}
 65002 | Slime:5  | Identified the ring "Mofost" {Str+5 SInv}
 65531 | Orc:2    | Bought a talisman of death for 1040 gold pieces
 66046 | Vaults:5 | Entered Level 5 of the Vaults
 66049 | Vaults:5 | Reached skill level 1 in Shapeshifting
 66164 | Vaults:4 | Reached skill level 10 in Stealth
 66462 | Vaults:4 | Gained mutation: You are dopey. (Int -2) [a shining eye]
 66530 | Vaults:5 | Noticed a dread lich
 66533 | Vaults:5 | Killed a dread lich
 67332 | Vaults:5 | Noticed an ancient lich
 67334 | Vaults:5 | Killed an ancient lich
 67476 | Vaults:5 | Identified the amulet "Yhiex" {Regen+ Int+5}
 67602 | Vaults:5 | Reached skill level 5 in Shapeshifting
 67885 | Vaults:5 | Identified the +5 dagger of the Six Continents {elec,
                  | +Blink rC++ MP+9 Stlth+}
 68028 | Vaults:5 | Got a silver rune of Zot
 68162 | Vaults:5 | Identified the ring "Wousugg" {+Blink rElec rCorr Str-3}
 68270 | Vaults:5 | Reached XP level 25. HP: 152/152 MP: 45/54
 68383 | Vaults:5 | Found the amulet of Elemental Vulnerability {rPois rF--
                  | rC-- AC+8}
 68387 | Vaults:5 | Identified the +2 ring mail of the Will of the Gods {Dex+3}
 68391 | Vaults:5 | Got the Thoughts on Collective Compounds
 68406 | Vaults:5 | Identified the +1 scale mail of Orthodoxy {^Drain +Blink
                  | Will+++ Slay-3}
 68702 | Vaults:4 | Learned a level 2 spell: Blink
 68730 | Vaults:4 | Lost mutation: You are dopey. (Int -2) [potion of mutation]
 68730 | Vaults:4 | Gained mutation: You are robust. (+10% HP) [potion of
                  | mutation]
 68730 | Vaults:4 | Gained mutation: You have sharp toenails. [potion of
                  | mutation]
 68730 | Vaults:4 | Gained mutation: Your muscles are strong. (Str +4, Int/Dex
                  | -1) [potion of mutation]
 68730 | Vaults:4 | Gained mutation: You are covered in fur. (AC +1) [potion of
                  | mutation]
 69937 | Zot:1    | Entered Level 1 of the Realm of Zot
 70060 | Zot:1    | Identified the amulet of Ropo Datiet {Acrobat rF+ Int+4
                  | Dex-2 SInv}
 70210 | Zot:1    | Reached skill level 5 in Staves
 71117 | Zot:2    | Noticed a Killer Klown
 71119 | Zot:2    | Killed a Killer Klown
 71288 | Zot:2    | Found a shimmering altar of Xom.
 71337 | Zot:2    | Reached skill level 15 in Dodging
 71592 | Zot:2    | Reached skill level 5 in Alchemy
 72008 | Zot:2    | Found a shimmering altar of Xom.
 72008 | Zot:2    | Found a glowing silver altar of Zin.
 72453 | Zot:2    | Reached skill level 15 in Shields
 73153 | Zot:3    | Noticed a dread lich
 73155 | Zot:3    | Killed a dread lich
 73156 | Zot:3    | Reached skill level 10 in Shapeshifting
 73156 | Zot:3    | Reached XP level 26. HP: 173/173 MP: 37/54
 73157 | Zot:3    | Noticed a dread lich
 73159 | Zot:3    | Killed a dread lich
 74378 | Zot:4    | Reached skill level 26 in Spellcasting
 74386 | Zot:4    | Learned a level 7 spell: Haunt
 75437 | Zot:5    | Entered Level 5 of the Realm of Zot
 75588 | Zot:5    | Noticed an orb of fire
 75596 | Zot:5    | Noticed an orb of fire
 75598 | Zot:5    | Killed an orb of fire
 75599 | Zot:5    | Killed an orb of fire
 75643 | Zot:5    | Noticed a dread lich
 75646 | Zot:5    | Killed a dread lich
 75675 | Zot:5    | Reached skill level 15 in Fighting
 76165 | Zot:5    | Noticed an orb of fire
 76165 | Zot:5    | Noticed an orb of fire
 76167 | Zot:5    | Noticed an orb of fire
 76170 | Zot:5    | Noticed a dread lich
 76172 | Zot:5    | Killed a dread lich
 76175 | Zot:5    | Killed an orb of fire
 76182 | Zot:5    | Killed an orb of fire
 76183 | Zot:5    | Reached XP level 27. HP: 114/184 MP: 49/55
 76183 | Zot:5    | Killed an orb of fire
 76185 | Zot:5    | Gained mutation: Armour fits poorly on your strangely
                  | shaped body. [mutagenic glow]
 77161 | Hell     | Entered the Vestibule of Hell
 77161 | Hell     | Noticed Geryon
 77165 | Hell     | Killed Geryon
 77166 | Hell     | Reached skill level 15 in Shapeshifting
 77517 | Hell     | Found a gateway to the freezing wastes of Cocytus.
 78265 | D:9      | Bought a potion of mutation for 120 gold pieces
 78265 | D:9      | Bought a potion of curing for 45 gold pieces
 78265 | D:9      | Bought a potion of resistance for 150 gold pieces
 78439 | Pan      | Entered Pandemonium
 78502 | Pan      | Noticed Dussetay the pandemonium lord
 78508 | Pan      | Killed Dussetay the pandemonium lord
 79132 | Pan      | Gained mutation: You occasionally lose the ability to drink
                  | potions when taking damage. [a cacodemon]
 79898 | Pan      | Noticed Dentaas the pandemonium lord
 79902 | Pan      | Killed Dentaas the pandemonium lord
 79913 | Pan      | Found a runed translucent door.
 79929 | Pan      | Got a demonic rune of Zot
 80002 | Pan      | Noticed Iguubu Xyim the pandemonium lord
 80085 | Pan      | Entered the realm of Gloorx Vloq.
 80288 | Pan      | Found an exit through the horrors of the Abyss.
 81203 | Pan      | Reached skill level 15 in Stealth
 81313 | Pan      | Reached skill level 15 in Evocations
 81791 | Pan      | Reached skill level 5 in Throwing
 82212 | Pan      | Noticed Gloorx Vloq
 82215 | Pan      | Killed Gloorx Vloq
 82293 | Pan      | Got a dark rune of Zot
 82595 | Pan      | Entered the realm of Lom Lobon.
 82602 | Pan      | Found an exit through the horrors of the Abyss.
 82793 | Pan      | Acquired a There-And-Back Book
 83515 | Pan      | Noticed Lom Lobon
 83561 | Pan      | Killed Lom Lobon
 83589 | Pan      | Got a magical rune of Zot
 84105 | Pan      | Took an exit into the Abyss.
 84105 | Abyss:1  | Escaped into the Abyss
 84115 | Abyss:2  | Found a corrupted altar of Lugonu.
 84116 | Abyss:2  | Found a corrupted altar of Lugonu.
 84146 | Abyss:2  | Found a corrupted altar of Lugonu.
 84180 | Depths:2 | Escaped the Abyss
 84559 | Elf:2    | Bought a scroll of revelation for 247 gold pieces
 84559 | Elf:2    | Bought a scroll of revelation for 247 gold pieces
 84775 | Snake:3  | Bought a wand of digging (7) for 499 gold pieces
 84775 | Snake:3  | Bought a scroll of revelation for 127 gold pieces
 84775 | Snake:3  | Bought a wand of roots (5) for 204 gold pieces
 84775 | Snake:3  | Bought a potion of brilliance for 68 gold pieces
 85109 | Depths:2 | Lost mutation: You have sharp toenails. [potion of
                  | mutation]
 85109 | Depths:2 | Lost mutation: Your muscles are strong. (Str +4, Int/Dex
                  | -1) [potion of mutation]
 85109 | Depths:2 | Gained mutation: You sometimes lose the ability to drink
                  | potions when taking damage. [potion of mutation]
 85109 | Depths:2 | Gained mutation: You have sharp toenails. [potion of
                  | mutation]
 85110 | Depths:2 | Lost mutation: You have sharp toenails. [potion of
                  | mutation]
 85110 | Depths:2 | Lost mutation: You sometimes lose the ability to drink
                  | potions when taking damage. [potion of mutation]
 85110 | Depths:2 | Lost mutation: You are covered in fur. (AC +1) [potion of
                  | mutation]
 85110 | Depths:2 | Gained mutation: Your body sometimes deteriorates upon
                  | taking damage. [potion of mutation]
 85110 | Depths:2 | Gained mutation: Your mind is acute. (Int +4, Str/Dex -1)
                  | [potion of mutation]
 85111 | Depths:2 | Lost mutation: Your body sometimes deteriorates upon taking
                  | damage. [potion of mutation]
 85111 | Depths:2 | Lost mutation: You occasionally lose the ability to drink
                  | potions when taking damage. [potion of mutation]
 85111 | Depths:2 | Gained mutation: You are partially covered in large bone
                  | plates. (SH +4) [potion of mutation]
 85112 | Depths:2 | Lost mutation: You are robust. (+10% HP) [potion of
                  | mutation]
 85112 | Depths:2 | Lost mutation: You are partially covered in large bone
                  | plates. (SH +4) [potion of mutation]
 85112 | Depths:2 | Gained mutation: You have large cloven feet. [potion of
                  | mutation]
 85112 | Depths:2 | Gained mutation: You are robust. (+10% HP) [potion of
                  | mutation]
 85113 | Depths:2 | Lost mutation: You are robust. (+10% HP) [potion of
                  | mutation]
 85113 | Depths:2 | Lost mutation: Armour fits poorly on your strangely shaped
                  | body. [potion of mutation]
 85113 | Depths:2 | Gained mutation: Your health recovers twice as slowly from
                  | being drained. [potion of mutation]
 85113 | Depths:2 | Gained mutation: You have a pair of small horns on your
                  | head. [potion of mutation]
 85311 | Crypt:1  | Entered Level 1 of the Crypt
 85331 | Crypt:1  | Noticed Bai Suzhen
 85592 | Crypt:1  | Killed Bai Suzhen
 85620 | Crypt:1  | Noticed Khufu
 85625 | Crypt:1  | Killed Khufu
 85625 | Crypt:1  | Noticed a royal mummy
 85627 | Crypt:1  | Killed a royal mummy
 85627 | Crypt:1  | Killed a royal mummy
 85631 | Crypt:1  | Noticed a royal mummy
 85778 | Crypt:1  | Killed a royal mummy
 86387 | Crypt:1  | Reached skill level 27 in Spellcasting
 86690 | Crypt:2  | Identified the +0 longbow of the Maze {freeze, rElec rPois
                  | rC+ rCorr}
 86993 | Crypt:2  | Learned a level 8 spell: Borgnjor's Revivification
 87955 | Crypt:3  | Entered Level 3 of the Crypt
 88199 | Crypt:3  | Found an ancient bone altar of Kikubaaqudgha.
 88929 | Crypt:3  | Found a staircase to the Tomb.
 89628 | Crypt:3  | Noticed Margery
 89636 | Crypt:3  | Killed Margery
 90448 | Depths:4 | Bought the ring "Xefirix" {Fly rF++ rCorr MP+9 Int+3} for
                  | 1111 gold pieces
 90578 | Pan      | Entered the realm of Cerebov.
 90578 | Pan      | Entered Pandemonium
 90579 | Pan      | Found an exit through the horrors of the Abyss.
 91390 | Pan      | Identified the +2 robe of Prudence {Archmagi}
 91834 | Pan      | Identified the +10 eveningstar of Deformation {flame,
                  | *Corrode rF+++ rC++ Str-4}
 91873 | Pan      | Identified the +1 robe of Amorality {rElec rF++ rCorr
                  | Dex-4}
 91984 | Pan      | Found the +6 sword of Cerebov {flame}
 91984 | Pan      | Noticed Cerebov
 92391 | Pan      | Killed Cerebov
 92422 | Pan      | Identified the +1 whip "Jomnymet" {flame, *Corrode Will++
                  | Str+8}
 92669 | Pan      | Identified the staff of Veimudgh {^Contam rPois rF+ rN+
                  | SInv Fire}
 93002 | Pan      | Got a fiery rune of Zot
 93163 | Pan      | Entered the realm of Mnoleg.
 93954 | Pan      | Noticed Mnoleg
 93961 | Pan      | Killed Mnoleg
 94213 | Pan      | Identified the +4 ring mail "Cixkegai" {rN+ Dex+5 SInv
                  | Stlth-}
 94466 | Pan      | Found an exit through the horrors of the Abyss.
 94640 | Pan      | Got a glowing rune of Zot
 94750 | Pan      | Took an exit into the Abyss.
 94750 | Abyss:2  | Escaped into the Abyss
 94757 | Abyss:2  | Found a corrupted altar of Lugonu.
 94883 | Abyss:4  | Found a corrupted altar of Lugonu.
 94935 | Abyss:4  | Found a corrupted altar of Lugonu.
 95137 | Abyss:4  | Learned a level 3 spell: Passwall
 95241 | Abyss:4  | Found a corrupted altar of Lugonu.
 95295 | Abyss:4  | Identified the +0 buckler "Ebruc" {rElec rC++ Regen+ Int-3}
 95307 | Abyss:4  | Killed from afar by a starcursed mass

Illustrated notes

Levels and vault maps discovered:
D:1:      onia_arrival_pentagram, layout_basic, serial_shops,
          nicolae_shop_pleasant_corner_grove, nicolae_shop_gaudy_bauble,
          nicolae_diamond_shop, nicolae_shop_crystal, shop, minmay_tromino_i4
D:2:      layout_loops_ring, serial_shops, shop
D:3:      layout_loops_ring, mainiacjoe_overflow_paths,
          grunt_temple_overflow_open, elyvilon_altar_4, lemuel_tele_altar,
          minmay_starry_boxes, uniq_terence
D:4:      layout_rooms, lemuel_doored_altar, kennysheep_potato
D:5:      layout_loops_ring, tgw_kikubaaqudgha, kennysheep_windowed_goal
D:6:      layout_loops_corners, minmay_temple_entry_ruins,
          kennysheep_generic_room_13, uniq_grinder, uniq_prince_ribbit1
D:7:      minmay_the_grid_square_5x5_3x3 [minmay_the_grid_square_5x5_n_small,
          minmay_the_grid_square_5x5_seven, minmay_the_grid_square_5x5_longway,
          minmay_the_grid_square_5x5_spiral,
          minmay_the_grid_square_5x5_megaprize_open,
          minmay_the_grid_square_5x5_spiral_small,
          minmay_the_grid_square_5x5_empty,
          minmay_the_grid_square_5x5_sharp_hourglass,
          minmay_the_grid_square_5x5_empty], layout_loops_ring,
          minmay_increasing_density, uniq_maurice, uniq_pikel
D:8:      layout_rooms, uniq_erica, uniq_amaemon
D:9:      layout_loops_ring, mainiacjoe_overflow_alcove_2,
          mainiacjoe_overflow_alcove_1, minmay_orc_entry_temple_small,
          serial_shops, nicolae_shop_temple_entry_statues_fountains
D:10:     layout_basic, mainiacjoe_overflow_surrounded_room,
          amcnicky_altar_gilded, hellmonk_lair_entry_icy, minmay_shop_mayhem,
          item_on_display_a
D:11:     layout_irregular_city, hangedman_decor_push
D:12:     layout_loops_cross, serial_shops, shop, dreamdust_mushroom_princess
D:13:     layout_long_grid
D:14:     layout_loops_corners, skrybe_vaults_entry_preservation,
          minmay_misc_feat_enclosed, minmay_fractal_squares_gapless_5
D:15:     grunt_enter_depths_snipers, layout_cave_pools,
          hangedman_abyss_or_decor_stabs, gauntlet_entry_generic, serial_shops,
          shop, minmay_crystal_box
Lair:1:   layout_regular_city, dpeg_stationary_puzzle, uniq_joseph
Lair:2:   layout_gridlike, minmay_snake_entry_six_corridors,
          pdpol_lair_cavern_descent, uniq_nergalle
Lair:3:   statuecave_lemuel, layout_chaotic_city, elwin_shoals_entry_rocks,
          grunt_megastairs_3
Lair:4:   layout_loops_ring, kennysheep_rathole, grunt_megastairs_5
Lair:5:   guppyfry_lair_end_dragon, layout_cave_shapes, wormcave,
          nicolae_slime_entry_field_trip
Shoals:1: layout_shoals, serial_shops, shop
Shoals:2: layout_shoals, serial_shops, nicolae_shop_just_a_little_nook
Shoals:3: layout_shoals, nicolae_shoals_nymph_descending_staircase
Shoals:4: shoals_end_hellmonk_holy_island
Snake:1:  layout_basic, nicolae_integral_box, serial_bayou_shore_b
Snake:2:  layout_grid_maze, basic_altar, lemuel_fruit_tree, uniq_saint_roka
Snake:3:  layout_basic, serial_bayou_shore_a, minmay_shoptagon
Snake:4:  johnstein_snake_rune_scales, layout_chambers,
          portal_ice_cave_entry_dragon, nicolae_twisty_statue_hallways
Slime:1:  layout_caves
Slime:2:  layout_caves
Slime:3:  layout_caves
Slime:4:  layout_caves
Slime:5:  slime_pit_nicolae_amoeboid
Orc:1:    layout_caves
Orc:2:    st_orc_mages, layout_caves, serial_shops, shop
Elf:1:    minmay_elf_arrival_plus, layout_gridlike, serial_shops, shop,
          minmay_elf_sorcery, grunt_megastairs_4
Elf:2:    elven_hall_of_blades_hangedman_alternative
          [nicolae_blade_entry_crossed_weapons], layout_gridlike, serial_shops,
          shop, portal_desolation_entry_holy_temple
Elf:3:    minmay_elf_hall_four_x, layout_geoelf_diagonals
Vaults:1: nicolae_vaults_double_plus_1, nicolae_vaults_stairing_the_circle,
          nicolae_vaults_network_square, hangedman_vaults_river_flow,
          nicolae_vaults_trapezoid_lopsided_1, nicolae_vaults_puzzle_piece,
          nicolae_vaults_double_plus_3, nicolae_vaults_closet_pinwheel_3,
          grunt_vaults_hallway_long, ontoclasm_vaults_gallery, v_misc_33,
          nicolae_vaults_little_squares_2, layout_vaults_maze_snakey
Vaults:2: blue_anna_dwarven_crypt, vaults_mumra_hex, vaults_room_large_hall,
          hangedman_vaults_trim, nicolae_vaults_closet_pinwheel_3,
          nicolae_vaults_alarming, vaults_room_door_ring, layout_vaults_ring
Vaults:3: dpeg_vaults_monster_box, nicolae_vaults_circle_grid_b,
          vaults_dpeg_doors, st_spiral_rooms, hangedman_vaults_maws,
          vaults_mumra_minichess, hangedman_vaults_variations,
          ontoclasm_vaults_ring_large, grunt_vaults_hallway_long,
          layout_vaults_omnibox
Vaults:4: nicolae_vaults_loss_of_containment, nicolae_vaults_diamond_2,
          v_pattern_1, nicolae_vaults_prndl, grunt_vaults_hallway_short,
          ontoclasm_vaults_ring_small, serial_ice_h, layout_vaults_big_room,
          serial_shops, shop
Vaults:5: serial_shops
Crypt:1:  layout_misc_corridors, nicolae_crypt_skeletal_stairs, uniq_bai_suzhen,
          uniq_khufu
Crypt:2:  layout_chaotic_city, nicolae_crypt_smalloseum
Crypt:3:  church_of_pain_bobbens, layout_chaotic_city, tomb_entry_shell_bobbens,
          grunt_ministairs_6, hex_large, uniq_margery
Depths:1: layout_honeycomb, enter_ziggurat_f, pf_hell_entry_tar_river,
          serial_sigils, serial_sigils_hangedman_stare,
          serial_sigils_hangedman_carve, serial_sigils_hangedman_confine,
          serial_sigils_hangedman_clutch, serial_sigils_hangedman_gut,
          uniq_nikola
Depths:2: grunt_crosshair, layout_honeycomb, hangedman_abyss_or_decor_stagger,
          hellmouth_1, pan_entry, kennysheep_generic_room_16,
          infiniplex_staircase_split_hallway, serial_bayou_shore_b, uniq_sojobo
Depths:3: kennysheep_oblong_rooms, layout_gridlike, minmay_fountain_box,
          grunt_hell_horde, abyss_entry
Depths:4: grunt_zot_entry_gee_three, layout_long_grid,
          hangedman_decor_clover_reticule, hangedman_coc_ice_floe,
          nicolae_shop_unique_rings, nicolae_ru_path_of_blood
Hell
Zot:1:    layout_basic, st_stairs_9
Zot:2:    dreamdust_zin_vs_xom, layout_basic, zot_minivault_5
Zot:3:    hangedman_zot_vaults_quadrants, layout_onion
Zot:4:    layout_onion_interference, lemuel_elevator
Zot:5:    layout_cathedral_of_symmetry, st_stairs_12, lemuel_golem_globe
Abyss:4:  base: Dis:6, evilmike_abyss_exit_5, evilmike_abyss_exit_17,
          hangedman_decor_lopped, hangedman_abyss_monster_moat,
          nicolae_abyss_rune_star_stuff, nicolae_abyss_rune_star_stuff,
          evilmike_abyss_rune_tso_outpost, evilmike_abyss_rune_tso_outpost,
          hangedman_abyss_or_decor_lesser_grid,
          hangedman_abyss_or_decor_jellyfish_corner

Skill      XL: |  1  2  3  4  5  6  7  8  9 10 11 12 13 14 15 16 17 18 19 20 21 22 23 24 25 26 27 |
---------------+----------------------------------------------------------------------------------+-----
Fighting       | 1 3 5 6 7 10 11 14 15 19 | 19.6
Conjurations   | 3 4 6 7 10 11 12 13 14 17 18 19 | 19.0
Spellcasting   | 4 5 8 10 12 14 15 18 19 20 21 24 25 26 27 | 27.0
Hexes          | 2 4 10 11 | 11.3
Alchemy        | 1 3 7 8 |  8.0
Fire Magic     | 4 5 7 8 9 12 13 14 16 18 | 18.0
Air Magic      | 4 7 12 | 12.0
Earth Magic    | 2 5 9 10 | 10.0
Ice Magic      | 4 6 |  6.0
Evocations     | 2 5 8 10 11 12 13 16 | 16.0
Translocations | 4 |  4.5
Staves         | 4 6 |  6.0
Dodging        | 6 8 10 12 13 15 18 | 18.6
Stealth        | 6 9 12 16 | 16.0
Summonings     | 6 11 12 13 | 13.0
Throwing       | 4 6 |  6.0
Shields        | 4 9 13 15 | 15.0
Armour         | 5 6 7 8 |  8.0
Necromancy     | 6 8 |  8.0
Shapeshifting  | 5 10 14 23 | 23.0

Action                     |  1- 3 |  4- 6 |  7- 9 | 10-12 | 13-15 | 16-18 | 19-21 | 22-24 | 25-27 || total
---------------------------+-------+-------+-------+-------+-------+-------+-------+-------+-------++-------
  Melee: Staff             |    38 |    41 |     2 |    10 |    10 |     7 |    58 |    32 |   348 ||   546
         Punch             |       |       |       |       |       |       |     1 |       |       ||     1
         Headbutt          |       |       |       |       |       |       |       |       |    71 ||    71
   Cast: Foxfire           |    45 |    88 |       |       |       |       |       |       |       ||   133
         Scorch            |       |    48 |   139 |       |       |       |       |       |       ||   187
         Inner Flame       |       |       |     2 |     1 |       |       |       |       |       ||     3
         Stone Arrow       |       |       |     6 |   123 |    22 |    12 |     3 |     1 |       ||   167
         Freezing Cloud    |       |       |     5 |    24 |    24 |     6 |     4 |     7 |     2 ||    72
         Sandblast         |       |       |     2 |     3 |     2 |       |       |       |       ||     7
         Fulminant Prism   |       |       |       |     6 |     1 |     6 |     1 |       |       ||    14
         Airstrike         |       |       |       |     4 |     6 |       |       |       |       ||    10
         Fireball          |       |       |       |   155 |   240 |   285 |   116 |     1 |       ||   797
         Plasma Beam       |       |       |       |     1 |   169 |   112 |   345 |   286 |   388 ||  1301
         Lee's Rapid Decon |       |       |       |       |     2 |       |       |       |       ||     2
         Irradiate         |       |       |       |       |    10 |    14 |    14 |    18 |    25 ||    81
         Spellforged Servi |       |       |       |       |     7 |    35 |    13 |    30 |    77 ||   162
         Maxwell's Capacit |       |       |       |       |       |    24 |    56 |     6 |    12 ||    98
         Lehudib's Crystal |       |       |       |       |       |       |     1 |    67 |   291 ||   359
         Fire Storm        |       |       |       |       |       |       |       |   102 |   252 ||   354
         Sublimation of Bl |       |       |       |       |       |       |       |     3 |       ||     3
         Swiftness         |       |       |       |       |       |       |       |       |     2 ||     2
         Enfeeble          |       |       |       |       |       |       |       |       |    10 ||    10
         Haunt             |       |       |       |       |       |       |       |       |     4 ||     4
         Blink             |       |       |       |       |       |       |       |       |     2 ||     2
         Passwall          |       |       |       |       |       |       |       |       |     1 ||     1
  Evoke: Wand              |       |       |       |     9 |     3 |    31 |    11 |     4 |    40 ||    98
         Tin of tremorston |       |       |       |     3 |     1 |       |       |       |       ||     4
         Lightning rod     |       |       |       |       |       |       |     4 |       |       ||     4
         Sack of spiders   |       |       |       |       |       |       |     1 |       |     1 ||     2
    Use: Scroll            |     4 |       |     8 |    13 |    12 |     6 |     6 |     6 |    16 ||    71
         Potion            |       |       |       |       |     3 |     6 |     5 |     5 |    24 ||    43
   Stab: Sleeping          |       |     1 |       |       |       |       |       |       |       ||     1
         Invisible         |       |       |       |       |       |       |       |     1 |       ||     1
         Distracted        |       |       |       |       |       |       |       |       |     6 ||     6
 Armour: Robe              |    41 |    52 |    33 |   111 |   105 |   187 |   137 |       |       ||   666
         Leather armour    |       |       |       |       |       |       |    24 |   124 |   404 ||   552
  Dodge: Dodged            |    41 |    62 |    27 |    75 |    67 |   164 |   221 |   103 |   339 ||  1099
         Repelled          |       |       |       |       |       |       |       |     4 |    17 ||    21
  Block: Buckler           |       |       |       |       |       |       |     9 |    31 |       ||    40
         Kite shield       |       |       |       |       |       |       |       |    62 |   618 ||   680
         Reflection        |       |       |       |       |       |       |       |     6 |    20 ||    26
         Form:             |       |       |       |       |       |       |       |     1 |     4 ||     5
         Death             |       |       |       |       |       |       |       |     1 |     4 ||     5
